AoeStats
← 保尔·柯察金

Arabia

511000806Analyzed
1v1 RM · 10h ago on Oct 3, 2026· 45m 23s· 2 players
Game mode
Random Map
Map size
Tiny (2 player)
Population
200
Speed
Normal
Resources
Standard
Victory
Conquest
Starting age
Dark Age
Ending age
Imperial Age
RankedLock teamsTeams togetherTeam positionsShared explorationLock speedFull tech treeHidden civsTurbo modeCheats
Victory
Defeat
🇪🇸 Huns · Spain
1311
+17
🇨🇳 Saxons · China
1334
-17
Escumish
4:39 Loom
10:13 Feudal Age
10:45 Double-Bit Axe
15:58 Horse Collar
16:24 Town Watch
16:37 Fletching
18:29 Wheelbarrow
22:49 Castle Age
21:45 Gold Mining
22:50 Bloodlines
22:48 Scale Barding Armor
22:54 Forging
25:22 Town Watch
27:27 Gold Shaft Mining
27:02 Heavy Plow
27:09 Husbandry
29:06 Chain Barding Armor
31:27 Iron Casting
33:12 Hand Cart
33:19 Bow Saw
38:45 Imperial Age
39:01 Cavalier
41:11 Plate Barding Armor
42:20 Paladin
44:30 Blast Furnace
保尔·柯察金
5:35 Loom
9:27 Feudal Age
10:41 Double-Bit Axe
19:47 Castle Age
18:16 Scale Mail Armor
18:19 Stone Mining
19:18 Forging
21:56 Chain Mail Armor
23:17 Arson
23:33 Squires
30:34 Fletching
37:41 Iron Casting
42:43 Imperial Age
41:07 Bow Saw
40:40 Horse Collar
42:08 Heavy Plow
44:01 Plate Mail Armor
43:15 Shield Wall
Connection lost

Rejoining the realm…

Still unreachable

The connection could not be restored.

Session expired

The server has moved on; the page needs a fresh start.